 Dungeon Crawl Stone Soup version 0.25-a0-410-g53dbb631d1 (webtiles) character file.

Game seed: 6186367667440132791, levelgen mode: deterministic

3115 MisterFreud the Blocker (level 9, -6/73 (74) HPs)
             Began as a Gnoll Fighter on Jan 13, 2020.
             Was an Initiate of Ashenzari.
             Mangled by an orc warrior
             ... wielding a +0 dire flail
              (20 damage)
             ... on level 8 of the Dungeon.
             The game lasted 00:11:00 (6721 turns).

MisterFreud the Blocker (Gnoll Fighter)             Turns: 6721, Time: 00:11:01

HP:   -6/73 (74)    AC:  8    Str: 21    XL:     9   Next: 91%
MP:   15/15         EV:  9    Int: 14    God:    Ashenzari [......]
Gold: 332           SH: 12    Dex: 15    Spells: 17/17 levels left

rFire    . . .     SeeInvis .   q - +2 spear (venom) (curse)
rCold    . . .     Gourm    .   c - +1 shield (curse)
rNeg     . . .     Faith    .   w - +0 chain mail {rPois}
rPois    +         Spirit   .   (no helmet)
rElec    .         Reflect  .   (no cloak)
rCorr    .         Harm     .   (no gloves)
MR       .....                  (no boots)
Stlth    ..........             (no amulet)
HPRegen  0.22/turn              v - -2 ring of protection (curse)
MPRegen  0.14/turn              C - +3 ring of strength

@: no status effects
A: distributed training, fangs 1, strong nose
a: Curse Item, Renounce Religion


You were on level 8 of the Dungeon.
You worshipped Ashenzari.
Ashenzari was noncommittal.
You were not hungry.

You visited 2 branches of the dungeon, and saw 9 of its levels.

You collected 332 gold pieces.

Inventory:

Hand Weapons
 a - a +0 rapier
 q - a cursed +2 spear of venom (weapon)
 r - a +3 long sword
Missiles
 j - 188 stones (quivered)
 p - 80 arrows
 x - 6 poisoned darts
 F - 5 boomerangs
 H - 31 sling bullets
Armour
 b - a +0 scale mail
 c - a cursed +1 shield (worn)
 w - a +0 chain mail of poison resistance (worn)
Jewellery
 v - a cursed -2 ring of protection (left hand)
 C - a +3 ring of strength (right hand)
 I - the ring of Greed {rPois Str+2 SInv}
   (You found it on level 6 of the Dungeon)

   [ring of poison resistance]

   It affects your strength (+2).
   It protects you from poison.
   It lets you see invisible.
Wands
 E - a wand of flame (28)
 K - a wand of iceblast (13)
Scrolls
 e - 3 scrolls of amnesia
 h - a scroll of immolation
 k - a scroll of fear {unknown}
 l - a scroll of noise {unknown}
 s - a scroll of random uselessness
 u - a scroll of enchant armour
 y - 2 scrolls of teleportation
 z - a scroll of enchant weapon {unknown}
Potions
 d - 2 potions of might
 g - 2 potions of curing
 i - a potion of agility
 m - a potion of haste
 n - a potion of invisibility
 o - a potion of cancellation
 t - a potion of degeneration {unknown}
 A - a potion of magic {unknown}
 B - 2 potions of flight
 D - 3 potions of heal wounds
 G - a potion of ambrosia {unknown}
Comestibles
 f - 13 rations
 J - 11 chunks of flesh


   Skills:
 + Level 8.1 Fighting
 + Level 6.6 Short Blades
 + Level 4.6 Long Blades
 + Level 4.6 Axes
 + Level 4.6 Maces & Flails
 + Level 4.6 Polearms
 + Level 4.6 Staves
 + Level 4.6 Slings
 + Level 4.6 Bows
 + Level 4.6 Crossbows
 + Level 4.6 Throwing
 + Level 8.1 Armour
 + Level 4.6 Dodging
 + Level 4.6 Stealth
 + Level 8.1 Shields
 + Level 4.6 Unarmed Combat
 + Level 4.6 Spellcasting
 + Level 3.8 Conjurations
 + Level 3.8 Hexes
 + Level 3.8 Charms
 + Level 3.8 Summonings
 + Level 3.8 Necromancy
 + Level 3.8 Translocations
 + Level 3.8 Transmutations
 + Level 3.8 Fire Magic
 + Level 3.8 Ice Magic
 + Level 3.8 Air Magic
 + Level 3.8 Earth Magic
 + Level 3.8 Poison Magic
 + Level 5.1 Invocations
 + Level 4.6 Evocations


You had 17 spell levels left.
You didn't know any spells.
Your spell library was empty.

Dungeon Overview and Level Annotations

Branches:
Dungeon (8/15)             Temple (1/1) D:7
   Lair: D:8-11

Altars:
Ashenzari
Cheibriados
Dithmenos
Elyvilon
Fedhas
Gozag
Hepliaklqana
Kikubaaqudgha
Makhleb
Nemelex Xobeh
Okawaru
Ru
Sif Muna
Trog
Uskayaw
Vehumet
Wu Jian
Xom
Yredelemnul
Zin
The Shining One

Shops:
D:7 *


Innate Abilities, Weirdness & Mutations

Your experience applies equally to all skills.
You have very sharp teeth.
Your uncanny sense of smell can sniff out nearby items.


Message History

You hit the orc warrior but do no damage.
The orc warrior is lightly wounded.
You block the orc warrior's attack.
You closely miss the orc warrior.
The orc warrior is lightly wounded.
You barely miss the orc warrior.
The orc warrior is lightly wounded.
You kill the orc!
You block the orc warrior's attack.
The orc priest invokes the aid of Beogh against you.
Beogh smites you!
You hit the orc warrior.
The orc warrior looks as sick as possible!
The orc warrior is lightly wounded.
The orc warrior hits you with a +0 dire flail!!
* * * LOW HITPOINT WARNING * * *
You closely miss the orc warrior.
The orc warrior is moderately wounded.
The orc warrior hits you with a +0 dire flail!!
You die...

#....# #.....................
#....###...........##........
#####..................##.#####..
...##.....##............. .....
...........#............ .......
...#....####.........# .......
...#.................# .......
...#....##.#####.###?# .......
...##.####.# #@# ....... ...##.#
.....##o### ...##.# .......oo..#
...##.##...........# #.##
∆#...........# #.# ###.##........
#..∆ # #......... ### #......####
##.#####


You could see an orc warrior, an orc priest and an orc wizard.

Vanquished Creatures
  A hippogriff (D:8)
  Duvessa (D:4)
  2 water moccasins (D:7)
  2 sky beasts
  2 necrophages
  An orc warrior (D:7)
  2 phantoms
  3 ogres
  2 centaurs
  A bullfrog (D:6)
  Dowan (D:4)
  3 scorpions
  5 killer bees (D:7)
  3 howler monkeys
  3 vampire bats (D:3)
  2 bullfrog skeletons
  2 orc priests
  3 hounds
  4 orc wizards
  3 centaur skeletons
  An iguana (D:6)
  6 worker ants
  A howler monkey zombie (D:7)
  4 gnolls (D:6)
  9 adders
  A shadow imp (D:6)
  An ooze (D:6)
  An adder skeleton (D:7)
  An adder zombie (D:6)
  5 worms
  3 dart slugs
  5 leopard geckos
  21 orcs
  A ball python (D:1)
  10 giant cockroaches
  4 goblins
  10 hobgoblins
  9 jackals
  8 kobolds
  7 quokkas
  13 bats
  10 frilled lizards
  A jackal skeleton (D:7)
  A leopard gecko skeleton (D:8)
  10 rats
189 creatures vanquished.

Vanquished Creatures (others)
  An orc wizard (D:7)
1 creature vanquished.

Grand Total: 190 creatures vanquished

Notes
Turn   | Place    | Note
-------+----------+-------------------------------------------
     0 | D:1      | MisterFreud the Gnoll Fighter began the quest for the Orb.
     0 | D:1      | Reached XP level 1. HP: 23/23 MP: 1/1
    66 | D:1      | Reached XP level 2. HP: 29/29 MP: 2/2
   373 | D:1      | Reached XP level 3. HP: 35/35 MP: 3/3
   669 | D:2      | Reached skill level 1 in Invocations
   909 | D:2      | Found an iron altar of Okawaru.
   918 | D:2      | Reached skill level 1 in Long Blades
   918 | D:2      | Reached skill level 1 in Axes
   918 | D:2      | Reached skill level 1 in Maces & Flails
   918 | D:2      | Reached skill level 1 in Polearms
   918 | D:2      | Reached skill level 1 in Staves
   918 | D:2      | Reached skill level 1 in Slings
   918 | D:2      | Reached skill level 1 in Bows
   918 | D:2      | Reached skill level 1 in Crossbows
   918 | D:2      | Reached skill level 1 in Throwing
   918 | D:2      | Reached skill level 1 in Dodging
   918 | D:2      | Reached skill level 1 in Stealth
   918 | D:2      | Reached skill level 1 in Unarmed Combat
   918 | D:2      | Reached skill level 1 in Spellcasting
   918 | D:2      | Reached skill level 1 in Evocations
  1086 | D:2      | Reached XP level 4. HP: 41/41 MP: 5/5
  1207 | D:2      | Found a blossoming altar of Fedhas.
  1426 | D:3      | Reached skill level 1 in Conjurations
  1426 | D:3      | Reached skill level 1 in Hexes
  1426 | D:3      | Reached skill level 1 in Charms
  1426 | D:3      | Reached skill level 1 in Summonings
  1426 | D:3      | Reached skill level 1 in Necromancy
  1426 | D:3      | Reached skill level 1 in Translocations
  1426 | D:3      | Reached skill level 1 in Transmutations
  1426 | D:3      | Reached skill level 1 in Fire Magic
  1426 | D:3      | Reached skill level 1 in Ice Magic
  1426 | D:3      | Reached skill level 1 in Air Magic
  1426 | D:3      | Reached skill level 1 in Earth Magic
  1426 | D:3      | Reached skill level 1 in Poison Magic
  1774 | D:3      | Reached XP level 5. HP: 38/47 MP: 6/6
  1788 | D:3      | Found a shadowy altar of Dithmenos.
  2016 | D:3      | Reached XP level 6. HP: 45/53 MP: 8/8
  2356 | D:4      | Reached skill level 5 in Short Blades
  2539 | D:4      | Reached XP level 7. HP: 49/59 MP: 10/10
  2584 | D:4      | Noticed Dowan
  2584 | D:4      | Noticed Duvessa
  2600 | D:4      | Killed Duvessa
  2614 | D:4      | Killed Dowan
  2863 | D:4      | Found a sacrificial altar of Ru.
  3077 | D:4      | Found an ancient bone altar of Kikubaaqudgha.
  3077 | D:4      | Found a hide-covered altar of Uskayaw.
  3077 | D:4      | Found a shimmering blue altar of Sif Muna.
  3094 | D:4      | Reached XP level 8. HP: 64/67 MP: 12/12
  3317 | D:5      | Entered Level 5 of the Dungeon
  3579 | D:5      | Found an opulent altar of Gozag.
  4302 | D:6      | Got a heavily runed golden ring
  4666 | D:7      | Reached XP level 9. HP: 18/72 MP: 14/14
  4676 | D:7      | HP: 3/72 [something/puff of flame (8)]
  5202 | D:7      | Found Deihib's Serpentskin Sales.
  5408 | D:7      | Found a staircase to the Ecumenical Temple.
  5447 | Temple   | Entered the Ecumenical Temple
  5628 | Temple   | Became a worshipper of Ashenzari the Shackled
  5628 | Temple   | Identified the ring of Greed {rPois Str+2 SInv} (You found
                  | it on level 6 of the Dungeon)
  6634 | D:8      | Reached skill level 5 in Invocations
  6721 | D:8      | Mangled by an orc warrior

Levels and vault maps discovered:
D:1:      enne_arrival_octagon_isle, layout_rooms
D:2:      layout_loops_cross, fedhas_ov_isle_minmay, first_ration,
          okawaru_metal_pillars_1_2
D:3:      layout_loops_ring, lemuel_coloured_pillars_altar, roderic_batcave
D:4:      layout_loops_ring, gammafunk_temple_overflow_forgotten,
          nicolae_ru_great_annihilating_truth, uniq_duvessa
D:5:      layout_basic, lemuel_round_altar
D:6:      layout_basic
D:7:      layout_basic, minmay_temple_entry_mini_moons, guppyfry_shop_venom
D:8:      layout_basic
Temple:   nicolae_temple_x_marks_the_god

Skill      XL: |  1  2  3  4  5  6  7  8  9 |
---------------+----------------------------+-----
Invocations    | 1 2 3 4 5 |  5.1
Long Blades    | 1 2 3 4 |  4.6
Axes           | 1 2 3 4 |  4.6
Maces & Flails | 1 2 3 4 |  4.6
Polearms       | 1 2 3 4 |  4.6
Staves         | 1 2 3 4 |  4.6
Slings         | 1 2 3 4 |  4.6
Bows           | 1 2 3 4 |  4.6
Crossbows      | 1 2 3 4 |  4.6
Throwing       | 1 2 3 4 |  4.6
Dodging        | 1 2 3 4 |  4.6
Stealth        | 1 2 3 4 |  4.6
Unarmed Combat | 1 2 3 4 |  4.6
Spellcasting   | 1 2 3 4 |  4.6
Evocations     | 1 2 3 4 |  4.6
Conjurations   | 1 2 3 |  3.8
Hexes          | 1 2 3 |  3.8
Charms         | 1 2 3 |  3.8
Summonings     | 1 2 3 |  3.8
Necromancy     | 1 2 3 |  3.8
Translocations | 1 2 3 |  3.8
Transmutations | 1 2 3 |  3.8
Fire Magic     | 1 2 3 |  3.8
Ice Magic      | 1 2 3 |  3.8
Air Magic      | 1 2 3 |  3.8
Earth Magic    | 1 2 3 |  3.8
Poison Magic   | 1 2 3 |  3.8
Short Blades   | 5 6 |  6.6
Fighting       | 7 8 |  8.1
Armour         | 7 8 |  8.1
Shields        | 7 8 |  8.1

Action                   |  1- 3 |  4- 6 |  7- 9 || total
-------------------------+-------+-------+-------++-------
Melee: Rapier            |   117 |       |       ||   117
       Bite              |    14 |    16 |    56 ||    86
       Spear             |     6 |   182 |   460 ||   648
Invok: Curse Item        |       |       |     2 ||     2
  Use: Scroll            |       |     1 |     9 ||    10
       Potion            |       |       |     2 ||     2
 Stab: Paralysed         |       |       |     2 ||     2
  Eat: Chunk             |     1 |     5 |    10 ||    16
       Ration            |       |       |     1 ||     1
Armor: Scale mail        |    45 |     8 |       ||    53
       Chain mail        |       |    50 |   115 ||   165
Dodge: Dodged            |    37 |    37 |    86 ||   160
Block: Shield            |    71 |    60 |   188 ||   319

Table legend:
 A = Non-vault XP
 B = Vault XP
 C = Vault XP percentage of total XP
 D = Non-vault monster count
 E = Vault monster count
 F = Vault count percentage of total count
                 A         B        C        D         E       F
            +---------+---------+-------+---------+---------+-------
      Total |    3732 |     718 |  16.1 |     173 |      16 |   8.5
            +---------+---------+-------+---------+---------+-------
        D:1 |      39 |       0 |   0.0 |      25 |       0 |   0.0
        D:2 |      68 |       0 |   0.0 |      19 |       0 |   0.0
        D:3 |     129 |     176 |  57.7 |      36 |       8 |  18.2
        D:4 |     570 |     236 |  29.3 |      15 |       6 |  28.6
        D:5 |     613 |       0 |   0.0 |      23 |       0 |   0.0
        D:6 |     469 |       0 |   0.0 |      19 |       0 |   0.0
        D:7 |     990 |     306 |  23.6 |      18 |       2 |  10.0
        D:8 |     854 |       0 |   0.0 |      18 |       0 |   0.0
            +---------+---------+-------+---------+---------+-------
